 Dungeon Crawl Stone Soup version 0.30.0-30-g96aa6591b8 (webtiles) character file.

Game seed: 7632214449762382152

28 Peloso the Shield-Bearer (level 2, 27/27 HPs)
             Began as a Minotaur Fighter on June 28, 2023.
             Got out of the dungeon alive.
             The game lasted 00:01:37 (653 turns).

Peloso the Shield-Bearer (Minotaur Fighter)          Turns: 653, Time: 00:01:37

Health: 27/27      AC:  7    Str: 24    XL:     2   Next: 96%
Magic:  1/1        EV:  9    Int:  4    God:
Gold:   48         SH:  4    Dex:  8    Spells: 1/1 levels left

rFire   . . .        a - +0 long sword
rCold   . . .        c - +0 buckler
rNeg    . . .        b - +0 scale mail
rPois   .            (helmet restricted)
rElec   .            (no cloak)
rCorr   .            (no gloves)
SInv    .            (no boots)
Will    .....        (no amulet) Stlth
                     (no ring)
HPRegen 0.24/turn    (no ring)
MPRegen 0.07/turn

%: no passive effects
@: no status effects
A: horns 2, retaliatory headbutt, strong 1
a: no special abilities


You escaped.
You visited 1 branch of the dungeon, and saw 1 of its levels.

You collected 48 gold pieces.

Inventory:

Hand Weapons
 a - a +0 long sword (weapon)
Armour
 b - a +0 scale mail (worn)
 c - a +0 buckler (worn)
Scrolls
 f - a scroll of enchant weapon {unknown}
 g - 5 scrolls of identify {unknown}
 h - a scroll of amnesia {unknown}
 j - 2 scrolls of poison {unknown}
 k - a scroll of fear {unknown}
 l - a scroll of enchant armour {unknown}
Potions
 d - 3 potions of might
 e - a potion of curing


   Skills:
 + Level 4.0 Fighting
 + Level 2.7 Long Blades
 + Level 4.1 Armour
 + Level 0.1 Dodging
 + Level 4.1 Shields


You had one spell level left.
You didn't know any spells.
Your spell library was empty.

Dungeon Overview and Level Annotations

Branches:
Dungeon (1/15)

Altars:


Innate Abilities, Weirdness & Mutations

You have a pair of horns on your head.
You reflexively headbutt those who attack you in melee.
Your muscles are strong. (Str +4, Int/Dex -1)


Message History

You block the bat's attack. You block the bat's attack.
You block the bat's attack.
You closely miss the bat.
The bat is heavily wounded.
The bat hits you but does no damage.
You closely miss the bat.
The bat is heavily wounded.
The bat hits you but does no damage. x2
You hit the bat.
You kill the bat!
Things that are here:
a +0 club; a goblin corpse
l - a scroll labelled ACKONIPHAM You open the door.
There is an open door here.
There is an open door here.
Done exploring.
Done exploring.
Done exploring.
Done exploring.
Okay, then.
It was a potion of curing.
You feel better.
It was a potion of mutation.
You feel extremely strange.
You feel yourself wasting away.
Your feet thicken and deform.
Really quaff the potion of mutation?
You feel extremely strange.
You feel healthier.
Your hooves expand and flesh out into feet!
You feel stronger.
Unknown command.
Unknown command.
(D) Dungeon
Where to? (? - help)
What level of the Dungeon? (default 1, ? - help)
You open the door.
There is an open door here.
There is a staircase leading out of the dungeon here.
Are you sure you want to leave the Dungeon?
This will make you lose the game!
You have escaped!

...#.#'......####......'#........
...'.#........##........#........
...###...##...##...##...#).......
..####..####..##..####..#........
.....#..####..##..####..#..###+##
.....#...##.[.##...##...#....#...
.....#..................#....###.
.....##................##.....##.
.....#######..##@.#######.....##.
.....#######..##..#######......#.
.....##................##........
.....#..................####....>
.)...#...##...##...##...# #.....
.....#..####..##..####^.####.....
.....#..####..##..####..##.......
.....#...##...##...##...##.......
...†.#........##........##.......


There were no monsters in sight!

Vanquished Creatures
  5 ball pythons (D:1)
  5 bats (D:1)
  A giant cockroach (D:1)
  5 goblins (D:1)
  2 hobgoblins (D:1)
  A kobold (D:1)
  A quokka (D:1)
  A frilled lizard (D:1)
  2 rats (D:1)
23 creatures vanquished.

Notes
Turn   | Place    | Note
-------+----------+-------------------------------------------
     0 | D:1      | Peloso the Minotaur Fighter began the quest for the Orb.
     0 | D:1      | Reached XP level 1. HP: 19/19 MP: 0/0
   151 | D:1      | Reached XP level 2. HP: 25/27 MP: 1/1
   468 | D:1      | Found a faded altar of an unknown god.
   631 | D:1      | Gained mutation: Your body sometimes deteriorates upon
                  | taking damage. [potion of mutation]
   631 | D:1      | Gained mutation: You have large cloven feet. [potion of
                  | mutation]
   632 | D:1      | Lost mutation: Your body sometimes deteriorates upon taking
                  | damage. [potion of mutation]
   632 | D:1      | Lost mutation: You have large cloven feet. [potion of
                  | mutation]
   632 | D:1      | Gained mutation: Your muscles are strong. (Str +4, Int/Dex
                  | -1) [potion of mutation]
   653 | D:$      | Got out of the dungeon alive.

Illustrated notes

Levels and vault maps discovered:
D:1:      minmay_arrival_four_loops, layout_basic,
          shapermc_ecumenical_altar_flowoftime

Skill      XL: |  1  2 |
---------------+-------+-----
Shields        | 4 |  4.1
Armour         | 4 |  4.1
Fighting       | 4 |  4.0
Long Blades    | |  2.7
Dodging        | |  0.1

Action                     || total
---------------------------++-------
  Melee: Long sword        ||    58
         Headbutt          ||     9
    Use: Potion            ||     3
 Armour: Scale mail        ||    50
  Dodge: Dodged            ||    40
  Block: Buckler           ||    18
